 Dungeon Crawl Stone Soup version 0.28-a0-802-g09f76e8c00 (webtiles) character file.

Game seed: 1275545894585763172

39 ryw the Magician (level 3, -1/24 (25) HPs)
             Began as a Gnoll Wanderer on Nov 6, 2021.
             Slain by an adder (3 damage)
             ... on level 2 of the Dungeon.
             The game lasted 00:03:27 (1468 turns).

ryw the Magician (Gnoll Wanderer)                   Turns: 1468, Time: 00:03:27

HP:   -1/24 (25)    AC:  2    Str: 11    XL:     3   Next: 47%
MP:   1/9           EV: 11    Int: 11    God:
Gold: 52            SH:  0    Dex: 12    Spells: 11/12 levels left

rFire   . . .      SeeInvis .   h - +2 dagger (drain)
rCold   . . .      Faith    .   (no shield)
rNeg    . . .      Spirit   .   b - +0 robe
rPois   .          Reflect  .   (no helmet)
rElec   .          Harm     .   (no cloak)
rCorr   .          Rampage  .   (no gloves)
Will    .....                   (no boots)
Stlth   +.........              (no amulet)
HPRegen 0.08/turn               (no ring)
MPRegen 0.11/turn               (no ring)

@: mighty, attractive, lightly drained
A: fangs 1, strong nose, distributed training
a: no special abilities


You were on level 2 of the Dungeon.
You visited 1 branch of the dungeon, and saw 2 of its levels.

You collected 52 gold pieces.

Inventory:

Hand Weapons
 h - a +2 dagger of draining (weapon)
Missiles
 g - 15 poisoned darts (quivered)
Armour
 b - a +0 robe (worn)
Jewellery
 f - a ring of flight


   Skills:
 + Level 0.8 Fighting
 + Level 0.8 Short Blades
 + Level 0.8 Long Blades
 + Level 0.8 Axes
 + Level 0.8 Maces & Flails
 + Level 0.8 Polearms
 + Level 0.8 Staves
 + Level 0.8 Slings
 + Level 0.8 Bows
 + Level 0.8 Crossbows
 + Level 0.8 Throwing
 + Level 0.8 Armour
 + Level 0.8 Dodging
 + Level 0.8 Stealth
 + Level 0.8 Shields
 + Level 0.8 Unarmed Combat
 + Level 5.0 Spellcasting
 + Level 3.7 Conjurations
 + Level 0.5 Hexes
 + Level 0.5 Summonings
 + Level 0.5 Necromancy
 + Level 0.5 Translocations
 + Level 3.7 Transmutations
 + Level 2.1 Fire Magic
 + Level 0.5 Ice Magic
 + Level 0.5 Air Magic
 + Level 2.1 Earth Magic
 + Level 0.5 Poison Magic
 + Level 1.0 Invocations
 + Level 4.5 Evocations


You had 11 spell levels left.
You knew the following spells:

 Your Spells              Type           Power      Damage    Failure   Level
a - Foxfire               Conj/Fire      36%        2x1d5     6%          1

Your spell library contained the following spells:

 Spells                   Type           Power      Damage    Failure   Level
 Magic Dart               Conj           44%        1d5       4%          1
 Sting                    Tmut/Pois      28%        1d4       9%          1
 Slow                     Hex            16%        N/A       17%         1
 Conjure Flame            Conj/Fire      9%         6-21      19%         3
 Blink                    Tloc           8%         N/A       26%         2
 Call Imp                 Summ           4%         N/A       26%         2
 Ignite Poison            Fire/Tmut/Pois 7%         N/A       26%         3
 Mephitic Cloud           Conj/Pois/Air  6%         N/A       32%         3


Dungeon Overview and Level Annotations

Branches:
Dungeon (2/15)

Altars:


Innate Abilities, Weirdness & Mutations

You have very sharp teeth.
Your uncanny sense of smell can sniff out nearby items.
Your experience applies equally to all skills.


Message History

Confirm with . or Enter, or press ? or * to list all spells.
You conjure some foxfire!
The foxfire hits the orc priest but does no damage.
The orc priest is lightly wounded.
The foxfire hits the orc priest but does no damage.
The orc priest is lightly wounded.
Casting: Foxfire (safe; 6% risk of failure)
Confirm with . or Enter, or press ? or * to list all spells.
You conjure some foxfire!
The foxfire hits the orc priest but does no damage.
The orc priest is lightly wounded.
The foxfire hits the orc priest but does no damage.
The orc priest is lightly wounded.
The foxfire hits the orc priest but does no damage.
The orc priest is lightly wounded.
The orc priest invokes the aid of Beogh against you.
Beogh smites you!
Ouch! That really hurt!
The foxfire hits the orc priest.
The orc priest is lightly wounded.
The foxfire hits the orc priest but does no damage.
The orc priest is lightly wounded.
The orc priest mumbles some strange prayers to Beogh against you.
Pain shoots through your body!
* * * LOW HITPOINT WARNING * * *
It was a potion of might.
You feel very mighty all of a sudden.
The orc priest calls upon Beogh to heal the orc priest.
It was a potion of attraction.
You feel attractive to monsters. The adder barely misses you.
The adder bites you.
* * * LOW HITPOINT WARNING * * *
You aren't carrying any potions.
Unknown command.
As you read the scroll labelled COPSEN HUUWARU, it crumbles to dust.
You hear a loud clanging noise!
It was a scroll of noise.
You hear an angry hiss.
You hear a shout!
The adder bites you.
You die...

......#..#
......#..######
........>.....#
.............#
.†)........#
#.........#
#.........#
#.oSo.....#
####.@.######
#......#
###......###
...........#
###......#.#
.........#.#
###......#.#
#......#.#
#......#.#


You could see 2 orc priests and an adder.

Vanquished Creatures
  An orc (D:2)
  7 ball pythons
  4 bats (D:1)
  An endoplasm (D:1)
  5 giant cockroaches (D:1)
  3 goblins (D:1)
  3 hobgoblins (D:1)
  2 frilled lizards (D:1)
  3 kobolds (D:1)
  4 rats (D:1)
33 creatures vanquished.

Vanquished Creatures (others)
  75 foxfires
  A plant (D:1)
76 creatures vanquished.

Grand Total: 109 creatures vanquished

Notes
Turn   | Place    | Note
-------+----------+-------------------------------------------
     0 | D:1      | ryw the Gnoll Wanderer began the quest for the Orb.
     0 | D:1      | ryw set off with the following items: a +0 dagger, a +0
                  | robe; and the following spells available to memorise: Magic
                  | Dart, Foxfire, Sting, Conjure Flame, Slow, Ignite Poison,
                  | Blink, Call Imp, Mephitic Cloud
     0 | D:1      | Reached XP level 1. HP: 13/13 MP: 6/6
     2 | D:1      | Learned a level 1 spell: Foxfire
    62 | D:1      | Reached XP level 2. HP: 15/19 MP: 2/7
   604 | D:1      | Reached XP level 3. HP: 25/25 MP: 7/9
   660 | D:1      | Reached skill level 5 in Spellcasting
  1457 | D:2      | Reached skill level 1 in Invocations
  1468 | D:2      | Slain by an adder

Illustrated notes

Levels and vault maps discovered:
D:1:      minmay_arrival_arboretum_small, layout_loops_corners,
          chequers_serial_rivers_micro_c, chequers_big_river
D:2:      layout_basic, hellmonk_ecumenical_altar_run_dry,
          minmay_misc_feat_five, minmay_ruptured

Skill      XL: |  1  2  3 |
---------------+----------+-----
Fire Magic     | 2 |  2.1
Earth Magic    | 2 |  2.1
Spellcasting   | 5 |  5.0
Invocations    | 1 |  1.0
Fighting       | |  0.8
Short Blades   | |  0.8
Long Blades    | |  0.8
Axes           | |  0.8
Maces & Flails | |  0.8
Polearms       | |  0.8
Staves         | |  0.8
Slings         | |  0.8
Bows           | |  0.8
Crossbows      | |  0.8
Throwing       | |  0.8
Armour         | |  0.8
Dodging        | |  0.8
Stealth        | |  0.8
Shields        | |  0.8
Unarmed Combat | |  0.8
Conjurations   | |  3.7
Hexes          | |  0.5
Summonings     | |  0.5
Necromancy     | |  0.5
Translocations | |  0.5
Transmutations | |  3.7
Ice Magic      | |  0.5
Air Magic      | |  0.5
Poison Magic   | |  0.5
Evocations     | |  4.5

Action                   || total
-------------------------++-------
Melee: Dagger            ||    27
       Bite              ||     4
 Cast: Foxfire           ||    44
  Use: Potion            ||     2
       Scroll            ||     1
Armor: Robe              ||    12
Dodge: Dodged            ||    33

Table legend: (Time is in decaauts)
 A = Elapsed time spent in this place.
 B = Non-inter-level travel time spent in this place.
 C = Inter-level travel time spent in this place.
 D = Time resting spent in this place.
 E = Time spent auto-exploring this place.
 F = Levels seen in this place.
 G = Mean time per level.
                   A        B        C        D        E       F      G
               +--------+--------+--------+--------+--------+-----+--------+
         Total |   1473 |   1449 |     24 |      0 |   1234 |   2 |  736.5 |
       Dungeon |   1473 |   1449 |     24 |      0 |   1234 |   2 |  736.5 |
               +--------+--------+--------+--------+--------+-----+--------+

Top non-repeatable levels by time:
     D:1: 1395 daAuts
     D:2: 77 daAuts
